 Dungeon Crawl Stone Soup version 0.30.1-11-g7821555f0a (webtiles) character file.

Game seed: 141716237422533559

800 SacredBeard the Grave Robber (level 7, -2/47 (52) HPs)
             Began as a Demonspawn Necromancer on Nov 19, 2023.
             Killed from afar by Grinder (6 damage)
             ... with a puff of flame
             ... on level 4 of the Dungeon.
             The game lasted 00:15:48 (5015 turns).

SacredBeard the Grave Robber (DsNe)                 Turns: 5015, Time: 00:15:48

HP:   -2/47 (52)    AC:  3    Str:  8    XL:     7   Next: 59%
MP:   10/10         EV: 11    Int: 18    God:
Gold: 211           SH:  0    Dex: 14    Spells: 9/10 levels left

rFire   . . .        b - +0 dagger
rCold   . . .        (no shield)
rNeg    . . .        i - +0 leather armour
rPois   .            (no helmet)
rElec   .            k - scarf {+Inv}
rCorr   +            (no gloves)
SInv    .            (no boots)
Will    .....        (no amulet)
Stlth   ++           u - ring of resist corrosion
HPRegen 0.27/turn    (no ring)
MPRegen 0.12/turn

%: no passive effects
@: drained
A: claws 2, demonic guardian 1, icemail 1, condensation shield
a: Evoke Invisibility


You were on level 4 of the Dungeon.
You visited 1 branch of the dungeon, and saw 5 of its levels.

You collected 211 gold pieces.

Inventory:

Hand Weapons
 b - a +0 dagger (weapon)
Missiles
 f - 19 stones
 n - 5 datura-tipped darts
Armour
 i - a +0 leather armour (worn)
 k - a scarf of invisibility (worn)
 w - a +1 ring mail of fire resistance
 x - a scarf of shadows
Jewellery
 u - a ring of resist corrosion (left claw)
Scrolls
 c - a scroll of poison {unknown}
 e - a scroll of immolation {unknown}
 h - a scroll of amnesia {unknown}
 j - a scroll of silence {unknown}
 l - 5 scrolls of teleportation {unknown}
 m - 2 scrolls of vulnerability {unknown}
 o - 3 scrolls of identify {unknown}
 q - a scroll of fear {unknown}
 r - a scroll of fog {unknown}
 v - 2 scrolls of enchant weapon {unknown}
Potions
 a - a potion of might {unknown}
 d - a potion of heal wounds {unknown}
 g - a potion of curing
 p - a potion of brilliance {unknown}
 t - 2 potions of magic


   Skills:
 - Level 3.0 Fighting
 * Level 2.0 Short Blades
 - Level 2.0 Throwing
 - Level 2.0 Armour
 - Level 2.0 Dodging
 - Level 3.0 Stealth
 - Level 2.0 Spellcasting
 * Level 7.1 Necromancy
 + Level 2.6 Evocations


You had 9 spell levels left.
You knew the following spells:

 Your Spells              Type           Power      Damage    Failure   Level
a - Necrotise             Necr           100%       1d9       1%          1

Your spell library contained the following spells:

 Spells                   Type           Power      Damage    Failure   Level
 Vampiric Draining        Necr           27%        2d7       4%          3
 Animate Dead             Necr           27%        N/A       13%         4
 Agony                    Necr           27%        N/A       36%         5
 Dazzling Flash           Conj/Hex       2%         N/A       58%         3
 Summon Guardian Golem    Hex/Summ       1%         N/A       58%         3
 Volatile Blastmotes      Fire/Tloc      2%         2d10      58%         3
 Iskenderun's Mystic Bla  Conj/Tloc      1%         2d3       94%         4
 Starburst                Conj/Fire      0%         6d3       100%        6
 Orb of Destruction       Conj           0%         9d5       100%        7
 Spellforged Servitor     Conj/Summ      0%         N/A       100%        7


Dungeon Overview and Level Annotations

Branches:
Dungeon (5/15) Zot: 24986
 Temple: D:4-7

Altars:
Wu Jian

Shops:
D:2 =

Annotations:
D:2 1 runed translucent door, Crazy Yiuf
D:4 Grinder
D:5 3 runed translucent doors, Peloso's ghost, weakling MiFi


Innate Abilities, Weirdness & Mutations

You have very sharp fingernails.
A weak demonic guardian rushes to your aid.
A meltable icy envelope protects you from harm. (AC +0)
A meltable shield of frost defends you. (SH +0)


Message History

You writhe in agony.
* * * LOW HITPOINT WARNING * * *
Unknown command.
You hit Grinder but do no damage.
Grinder is severely wounded.
Grinder blinks!
Grinder hits your iron imp.
Your iron imp closely misses Grinder.
Grinder hits your iron imp!
Your iron imp closely misses Grinder.
Grinder hits your iron imp!
Your iron imp dies!
Your iron imp disappears in a puff of smoke!
Throw: 2 javelins (silver)
Press: ? - help, Shift-Dir - straight line, f/p - Grinder
Aim: Grinder, carrying a wand of flame (12) (purple smoke, severely wounded, 57% to hit, chaotic)
You throw a silver javelin.
The silver javelin pierces through Grinder.
The silver sears Grinder!
Grinder is almost dead.
Grinder gestures at you.
You suddenly lose the ability to move!
Grinder gestures at you.
You shrug off the repeated paralysis!
Grinder gestures at you.
You shrug off the repeated paralysis!
You can move again.
Unknown command.
Throw: javelin (silver)
Press: ? - help, Shift-Dir - straight line, f/p - Grinder
Aim: Grinder, carrying a wand of flame (12) (almost dead, 57% to hit, chaotic)
You throw a silver javelin.
The silver javelin pierces through Grinder.
The silver sears Grinder!
Grinder is almost dead.
Grinder says, "Wait up."
Throw: 20 stones
Press: ? - help, Shift-Dir - straight line, f/p - Grinder
Aim: Grinder, carrying a wand of flame (12) (almost dead, 57% to hit)
You throw a stone. The stone closely misses Grinder.
Grinder zaps a wand.
The puff of flame hits you.
You die...

#.....###.#.#......#
#....####.###..#...# #....'....#
#......# ####....#.#..# #..#....
........#.#..###....###
........#.............#
........###.......#.###
#####.###............
#...@....5.(....#.#.#
#####.#.........#...o ..
#.#.............. ...
#.#........####.. #..
#######.#.(......# ##..
#..#######.........####..####...
#......#....###.....).o.........
#......#....# #..#.####..####.)#
#......#....# #..#.# #.........


You could see Grinder.

Vanquished Creatures
  A scorpion (D:5)
  2 orc priests (D:3)
  2 hounds
  A jelly (D:5)
  2 iguanas (D:4)
  2 orc wizards (D:4)
  6 adders
  5 worms
  3 dart slugs
  14 orcs
  6 bats
  5 endoplasms
  3 giant cockroaches
  3 goblins (D:1)
  7 hobgoblins
  9 jackals
  3 quokkas
  6 ball pythons
  11 kobolds
  3 rats (D:2)
94 creatures vanquished.

Vanquished Creatures (collateral kills)
  An ogre (D:5)
  2 centaurs
  A bullfrog (D:5)
  An orc (D:4)
  A bat (D:1)
  An endoplasm (D:3)
  A goblin (D:4)
  A jackal (D:4)
  A kobold (D:1)
  2 ball pythons (D:3)
  A rat (D:2)
13 creatures vanquished.

Grand Total: 107 creatures vanquished

Notes
Turn   | Place    | Note
-------+----------+-------------------------------------------
     0 | D:1      | SacredBeard the Demonspawn Necromancer began the quest for
                  | the Orb.
     0 | D:1      | Reached XP level 1. HP: 13/13 MP: 3/3
    80 | D:1      | Gained mutation: A meltable shield of frost defends you.
                  | (SH +0) [demonic ancestry]
    80 | D:1      | Reached XP level 2. HP: 14/20 MP: 0/5
   582 | D:1      | Gained mutation: A weak demonic guardian rushes to your
                  | aid. [demonic ancestry]
   582 | D:1      | Reached XP level 3. HP: 25/25 MP: 4/6
   903 | D:2      | Reached skill level 1 in Fighting
   903 | D:2      | Reached skill level 1 in Armour
   903 | D:2      | Reached skill level 5 in Necromancy
   994 | D:2      | Gained mutation: You have sharp fingernails. [demonic
                  | ancestry]
   994 | D:2      | Reached XP level 4. HP: 32/32 MP: 2/7
  1317 | D:2      | Found Toluim's Jewellery Emporium.
  1718 | D:2      | Found a runed translucent door.
  1719 | D:2      | Noticed Crazy Yiuf
  2508 | D:3      | Gained mutation: A meltable icy envelope protects you from
                  | harm. (AC +0) [demonic ancestry]
  2508 | D:3      | Reached XP level 5. HP: 38/38 MP: 0/8
  3016 | D:3      | Noticed a centaur
  3036 | D:3      | Killed a centaur
  3037 | D:3      | Reached skill level 1 in Throwing
  3037 | D:3      | Reached skill level 1 in Evocations
  3037 | D:3      | Reached XP level 6. HP: 27/44 MP: 6/9
  3352 | D:3      | Reached skill level 6 in Necromancy
  3729 | D:3      | You fall into a shaft and drop 2 floors!
  3729 | D:5      | Entered Level 5 of the Dungeon
  3915 | D:5      | Found a runed translucent gate.
  3915 | D:5      | Found a runed translucent gate.
  3915 | D:5      | Found a runed translucent gate.
  3916 | D:5      | Noticed Peloso's ghost (weakling MiFi)
  3949 | D:5      | Gained mutation: You have very sharp fingernails. [demonic
                  | ancestry]
  3949 | D:5      | Reached XP level 7. HP: 37/51 MP: 0/10
  4257 | D:5      | Reached skill level 1 in Short Blades
  4312 | D:5      | Identified the +0 scimitar of Luntul {heavy, Contam rElec
                  | rPois Int+4}
  4514 | D:5      | Found an ornate altar of the Wu Jian Council.
  4681 | D:4      | Reached skill level 7 in Necromancy
  4965 | D:4      | Noticed Grinder
  4978 | D:4      | Paralysed by Grinder for 5 turns
  5004 | D:4      | HP: 1/47 [Grinder (5)]
  5011 | D:4      | Paralysed by Grinder for 3 turns
  5015 | D:4      | Killed from afar by Grinder

Illustrated notes

Levels and vault maps discovered:
D:1:      heliophobic_arrival_ceremonial_halls, layout_rooms,
          hangedman_abyss_or_decor_stabs
D:2:      layout_loops_ring, serial_shops, shop, uniq_crazy_yiuf_cottage
D:3:      layout_basic, cheibrodos_sewer_entry_bend, grunt_ministairs_1
D:4:      layout_basic, nicolae_ru_the_path_less_chosen, uniq_grinder
D:5:      layout_cave_pools, mainiacjoe_overflow_surrounded_room,
          gammafunk_ghost_necromancy, minmay_stone_trees_small

Skill      XL: |  1  2  3  4  5  6  7 |
---------------+----------------------+-----
Stealth        | 2 3 |  3.0
Dodging        | 2 |  2.0
Fighting       | 1 2 3 |  3.0
Armour         | 1 2 |  2.0
Necromancy     | 5 6 7 |  7.1
Throwing       | 1 2 |  2.0
Evocations     | 1 2 |  2.6
Short Blades   | 2 |  2.0
Spellcasting   | |  2.0

Action                     |  1- 3 |  4- 6 |  7- 9 || total
---------------------------+-------+-------+-------++-------
  Melee: Unarmed           |     4 |       |       ||     4
         Dagger            |     7 |    85 |    32 ||   124
  Throw: Stone             |     1 |     7 |     2 ||    10
         Javelin           |       |       |     3 ||     3
   Cast: Necrotise         |    51 |   147 |    42 ||   240
Ability: Evoke Invisibilit |       |       |     1 ||     1
    Use: Potion            |     1 |       |     1 ||     2
   Stab: Distracted        |       |     1 |       ||     1
 Armour: Robe              |     7 |       |       ||     7
         Leather armour    |       |    41 |    12 ||    53
  Dodge: Dodged            |    14 |    50 |    13 ||    77
  Block: Other             |     2 |    23 |     8 ||    33
